 Dungeon Crawl Stone Soup version 0.19-a0-611-gb5a7e8d (webtiles) character file.

57 penismuncher the Sneak (level 4, 0/31 HPs)
             Began as an Octopode Wanderer on June 12, 2016.
             Slain by a kobold
             ... wielding a +0 short sword
              (6 damage)
             ... on level 2 of the Dungeon.
             The game lasted 00:01:12 (907 turns).

penismuncher the Sneak (Octopode Wanderer)           Turns: 907, Time: 00:01:12

Health: 0/31       AC:  1    Str: 13    XL:     4   Next: 0%
Magic:  4/4        EV: 12    Int: 12    God:
Gold:   68         SH:  0    Dex: 12    Spells: 0 memorised, 3 levels left

rFire  . . .     SeeInvis .     a - +2 spear
rCold  . . .     Gourm    .     (no shield)
rNeg   . . .     Faith    .     (helmet restricted)
rPois  .         Spirit   .     (no amulet)
rElec  .         Dismiss  .     (no ring)
rCorr  .         Reflect  .     (no ring)
SustAt .         Harm     .     (no ring)
MR     .....                    (no ring)
Stlth  ++++......               (no ring)
                                (no ring)
                                (no ring)
                                (no ring)

@: lethally poisoned (0 -> -4), not resistant to hostile enchantments, stealthy
A: almost no armour, amphibious, 8 rings, constrict 8, camouflage 1, gelatinous
body 1
a: no special abilities


You were on level 2 of the Dungeon.
You were not hungry.

You visited 1 branch of the dungeon, and saw 2 of its levels.

You collected 68 gold pieces.

Inventory:

Hand Weapons
 a - a +2 spear (weapon)
Armour
 m - a +0 shield
Jewellery
 d - an uncursed ring of flight {unknown}
Scrolls
 b - a scroll of teleportation
 e - a scroll of amnesia {unknown}
 j - a scroll of identify {unknown}
Potions
 c - a potion of curing
 h - 2 potions of cancellation {unknown}
 i - a potion of ambrosia {unknown}
Comestibles
 f - a bread ration
 g - a meat ration
 k - a slice of pizza


   Skills:
 - Level 3.0 Fighting
 - Level 2.0 Polearms
 - Level 2.0 Dodging
 - Level 4.0 Stealth
 + Level 3.4 Unarmed Combat


You had 3 spell levels left.
You didn't know any spells.

Dungeon Overview and Level Annotations

Branches:
Dungeon (2/15)

Altars:


Innate Abilities, Weirdness & Mutations

You cannot wear most types of armour.
You are amphibious.
You can wear up to eight rings at the same time.
You can use your tentacles to constrict eight enemies at once.
Your skin changes colour to match your surroundings (Stealth+).
Your rubbery body absorbs attacks. (AC +1)


Message History

You hit the ooze. You squeeze the ooze.
You kill the ooze!
The adder closely misses you. The kobold barely misses you.
You barely miss the adder. You grab the adder.
You tentacle-slap the adder, but do no damage.
You constrict the adder. The goblin hits you with a club. The adder bites you.
The kobold closely misses you.
You hit the adder.
The adder is heavily wounded.
You constrict the adder. The goblin hits you but does no damage.
The adder bites you.
You are poisoned.
The adder poisons you! The kobold barely misses you.
You hit the adder. You squeeze the adder.
You kill the adder!
You have reached level 4!
You feel sick. The goblin hits you with a club.
* * * LOW HITPOINT WARNING * * *
The kobold hits you with a short sword.
You die...

## . #.. .. #.# .. #.#
.... #. #.# ... #..
#.# .. #
#..##K###.###.#
#..@.##..#...#
####g##....#
#######...†.# .#
...........### #.#
##g...).....########.#
#..###.#..#.......#...
.. #.#.............. #
#.#.##...........
..#[##...........


You could see a goblin and a kobold.

Vanquished Creatures
  2 adders
  An ooze (D:2)
  A dart slug (D:1)
  A giant gecko (D:2)
  4 bats
  2 giant cockroaches (D:1)
  5 goblins
  3 hobgoblins (D:1)
  4 kobolds (D:1)
  3 giant newts
  5 rats
31 creatures vanquished.

Notes
Turn   | Place    | Note
--------------------------------------------------------------
     0 | D:1      | penismuncher the Octopode Wanderer began the quest for the Orb.
     0 | D:1      | penismuncher set off with: a +2 spear, a scroll of teleportation, a potion of curing, a +0 dagger, a bread ration
     0 | D:1      | Reached XP level 1. HP: 16/16 MP: 1/1
    38 | D:1      | Reached skill level 1 in Unarmed Combat
    77 | D:1      | Reached XP level 2. HP: 20/21 MP: 2/2
   415 | D:1      | Reached XP level 3. HP: 17/26 MP: 3/3
   907 | D:2      | Reached XP level 4. HP: 9/31 MP: 4/4
   907 | D:2      | Slain by a kobold

Vault maps used:
D:1:      lemuel_arrival_behind_the_door_small, grunt_decor_one_mirror
D:2:      tgw_fedhas, lemuel_round_altar

Skill      XL: |  1  2  3 |
---------------+----------+-----
Unarmed Combat | 1 2 3 |  3.4
Fighting       | |  3.0
Polearms       | |  2.0
Dodging        | |  2.0
Stealth        | |  4.0

Action                   |  1- 3 |  4- 6 || total
-------------------------+-------+-------++-------
Melee: Spear             |    57 |       ||    57
       Constrict         |    10 |       ||    10
       Tentacles         |    10 |       ||    10
       Punch             |     1 |       ||     1
 Stab: Sleeping          |    16 |       ||    16
Armor: Skin              |     2 |       ||     2
Dodge: Dodged            |    15 |       ||    15
